AoeStats
← adam

Oasis

509167429Analyzed
4v4 RM · 6d ago on Sep 25, 2026· 44m 37s· 8 players
Game mode
Random Map
Map size
Large (8 player)
Population
200
Speed
Normal
Resources
Standard
Victory
Conquest
Starting age
Dark Age
Ending age
Imperial Age
RankedLock teamsTeams togetherTeam positionsShared explorationLock speedFull tech treeHidden civsTurbo modeCheats
Victory
Defeat
🇩🇪 Saxons · Germany
1173
+13
🇧🇷 Bohemians · Brazil
1171
+13
🇯🇵 Japanese · Japan
1135
+14
🇮🇳 Turks · India
1051
+17
🇦🇷 Franks · Argentina
1169
-17
🇹🇼 Mapuche · Taiwan
1124
-15
🇷🇺 Persians · Russia
1058
-13
🇹🇼 Khitans · Taiwan
1030
-12
YanYan
0:54 Loom
2:22 Loom
10:58 Feudal Age
19:39 Town Watch
22:36 Castle Age
24:37 Scale Barding Armor
24:42 Forging
24:42 Husbandry
26:36 Chain Barding Armor
37:28 Scale Mail Armor
PuTao
11:00 Feudal Age
11:55 Double-Bit Axe
14:45 Castle Age
13:07 Horse Collar
17:24 Bow Saw
30:15 Imperial Age
27:33 Loom
28:31 Wheelbarrow
29:37 Forging
29:32 Scale Barding Armor
29:38 Forging
29:33 Scale Barding Armor
30:12 Husbandry
30:23 Bloodlines
30:35 Bloodlines
30:25 Husbandry
31:15 Conscription
30:19 Cavalier
31:38 Iron Casting
31:23 Chain Barding Armor
34:00 Blast Furnace
36:08 Savar
37:35 Plate Barding Armor
38:04 Light Cavalry
40:39 Hussar
獨居老毛
0:32 Loom
14:30 Feudal Age
20:07 Castle Age
24:06 Double-Bit Axe
32:58 Imperial Age
31:11 Fletching
31:30 Horse Collar
32:03 Elite Skirmisher
32:55 Padded Archer Armor
33:40 Bow Saw
34:56 Chemistry
36:27 Bodkin Arrow
39:48 Leather Archer Armor
40:10 Ballistics
40:33 Heavy Plow
43:21 Wheelbarrow
44:15 Pikeman
adam
10:32 Feudal Age
15:51 Castle Age
15:54 Double-Bit Axe
27:23 Loom
28:17 Wheelbarrow
27:30 Loom
31:52 Imperial Age
29:15 Loom
31:58 Scale Barding Armor
32:04 Forging
32:45 Elite Steppe Lancer
33:49 Chain Barding Armor
34:06 Iron Casting
33:49 Bow Saw
34:28 Conscription
34:13 Ordo Cavalry
37:21 Plate Barding Armor
40:46 Two-Man Saw
40:05 Gold Mining
noziemann
5:04 Loom
11:00 Feudal Age
15:52 Castle Age
14:31 Double-Bit Axe
15:50 Horse Collar
20:55 Bow Saw
24:31 Heavy Plow
27:13 Wheelbarrow
29:50 Imperial Age
27:31 Scale Mail Armor
26:53 Man-at-Arms
26:54 Pikeman
28:14 Hand Cart
28:41 Squires
28:27 Arson
29:32 Gambesons
30:08 Chain Mail Armor
30:00 Elite Varangian Guard
32:45 Conscription
33:00 Plate Mail Armor
34:00 Fletching
35:30 Halberdier
36:52 Town Watch
39:49 Forging
42:05 Shield Wall
Luigi
9:33 Loom
11:18 Feudal Age
17:15 Castle Age
15:56 Double-Bit Axe
20:00 Fletching
25:12 Pikeman
28:27 Forging
32:32 Imperial Age
31:27 Scale Mail Armor
32:52 Chemistry
33:15 Bow Saw
34:17 Wheelbarrow
35:19 Squires
37:12 Horse Collar
39:16 Halberdier
40:54 Chain Mail Armor
42:27 Houfnice
44:04 Iron Casting
44:17 Conscription
44:38 Hand Cart
44:30 Heavy Plow
KJI
1:46 Loom
12:47 Feudal Age
17:09 Double-Bit Axe
19:08 Horse Collar
22:33 Castle Age
21:06 Gold Mining
23:54 Crossbowman
24:46 Fletching
26:21 Bow Saw
28:07 Wheelbarrow
29:32 Bodkin Arrow
35:22 Imperial Age
33:16 Heavy Plow
34:12 Padded Archer Armor
34:24 Town Watch
36:38 Conscription
35:41 Arbalester
37:48 Two-Man Saw
37:09 Bracer
37:49 Thumb Ring
39:01 Chemistry
41:54 Leather Archer Armor
42:17 Forging
41:45 Pikeman
42:41 Cavalier
44:29 Light Cavalry
Arham
3:09 Loom
3:19 Loom
12:46 Feudal Age
13:51 Horse Collar
14:08 Double-Bit Axe
20:26 Castle Age
18:20 Stone Mining
19:28 Gold Mining
22:25 Heavy Plow
24:51 Gold Shaft Mining
33:04 Imperial Age
31:42 Padded Archer Armor
32:06 Bow Saw
32:42 Ballistics
32:34 Fortified Wall
33:38 Bloodlines
33:51 Leather Archer Armor
33:28 Fletching
34:16 Wheelbarrow
34:33 Husbandry
36:13 Two-Man Saw
34:39 Elite Janissary
35:45 Conscription
38:31 Ring Archer Armor
37:59 Bodkin Arrow
39:55 Bracer
40:07 Forging
40:04 Scale Barding Armor
41:20 Hoardings
41:09 Bombard Tower
41:00 Masonry
41:31 Treadmill Crane
43:49 Artillery
44:07 Hand Cart
Connection lost

Rejoining the realm…

Still unreachable

The connection could not be restored.

Session expired

The server has moved on; the page needs a fresh start.